details: 'petrified peasants'

« prev index next »

General information

Mini Map

Players

team 1
Humanmastajupiter008 (orange | 34 APM | 559 actions | 16:25)
Hero icon 3 Archmage
Ability icon 2 Summon Water Elemental
Ability icon 1 Brilliance Aura

» actions
Assign group hotkey19
Basic commands16
Build / train59
Enter build submenu22
Enter hero's abilities submenu3
Right click91
Select / deselect218
Select group hotkey97
Use ability34
559 total
» units
Peasant33
Footman11
Rifleman5
49 total
» upgrades
Lumber Harvesting1
1 total
» buildings
Farm9
Barracks2
Altar of Kings1
Blacksmith1
Lumber Mill1
Keep1
Arcane Vault1
Scout Tower4
Town Hall1
Guard Tower1
Arcane Tower1
Castle1
24 total
» build order
00:05 Farm
00:40 Barracks
00:52 Altar of Kings
01:03 Farm
01:46 Farm
02:19 Farm
02:38 Barracks
04:10 Farm
04:31 Farm
04:55 Blacksmith
05:32 Farm
07:01 Lumber Mill
07:52 Farm
07:56 Farm
08:20 Keep
08:42 Arcane Vault
10:33 Scout Tower
10:37 Scout Tower
10:53 Scout Tower
10:58 Scout Tower
11:09 Town Hall
14:23 Guard Tower
14:29 Arcane Tower
15:52 Castle
» items
Scroll of Regeneration1
1 total
team 2
HumanHERNaNDO (blue | 48 APM | 785 actions | 16:27)
Hero icon 4 Archmage
Ability icon 2 Blizzard
Ability icon 2 Brilliance Aura

» actions
Assign group hotkey5
Basic commands6
Build / train66
Enter build submenu34
Enter hero's abilities submenu4
Give item / drop item1
Remove unit from queue1
Right click333
Select / deselect254
Select group hotkey6
Use ability75
785 total
» units
Peasant14
Footman5
Sorceress3
Priest1
23 total
» upgrades
Defend1
Lumber Harvesting1
Sorceress Training1
Magic Sentry1
Priest Training1
Masonry2
7 total
» buildings
Lumber Mill2
Altar of Kings1
Farm5
Barracks1
Scout Tower20
Arcane Tower3
Guard Tower13
Arcane Vault1
Keep1
Blacksmith1
Town Hall1
Arcane Sanctum1
Castle1
Workshop1
52 total
» build order
00:08 Lumber Mill
00:21 Altar of Kings
00:37 Farm
00:38 Farm
00:58 Barracks
01:29 Scout Tower
02:01 Arcane Tower
02:14 Scout Tower
02:19 Scout Tower
03:06 Guard Tower
03:09 Scout Tower
03:12 Farm
03:22 Arcane Vault
03:26 Guard Tower
03:50 Guard Tower
04:05 Scout Tower
04:28 Farm
04:43 Guard Tower
05:18 Keep
06:18 Farm
06:20 Blacksmith
06:28 Town Hall
06:29 Scout Tower
06:29 Scout Tower
07:07 Scout Tower
07:08 Scout Tower
07:28 Guard Tower
07:30 Scout Tower
07:30 Scout Tower
07:42 Arcane Sanctum
09:56 Guard Tower
09:57 Scout Tower
09:59 Scout Tower
10:05 Guard Tower
10:09 Scout Tower
10:11 Scout Tower
10:11 Scout Tower
10:34 Lumber Mill
11:35 Guard Tower
11:43 Guard Tower
11:54 Guard Tower
11:55 Guard Tower
12:40 Guard Tower
13:39 Castle
13:45 Guard Tower
14:11 Scout Tower
14:18 Scout Tower
14:52 Arcane Tower
14:57 Workshop
15:27 Arcane Tower
15:44 Scout Tower
15:45 Scout Tower
» items
Scroll of Regeneration2
Lesser Clarity Potion1
Mechanical Critter1
Potion of Healing3
Scroll of Town Portal2
Staff of Teleportation1
Boots of Speed1
11 total